 Dungeon Crawl Stone Soup version 0.31-a0-1522-g43313d8a59 (webtiles) character file.

Game seed: 10855859422236174452

105 Curundu the Ruffian (level 4, -1/45 HPs)
             Began as a Troll Berserker on Dec 31, 2023.
             Was a Believer of Trog.
             Slain by a quokka (4 damage)
             ... on level 2 of the Dungeon.
             The game lasted 00:03:24 (899 turns).

Curundu the Ruffian (Troll Berserker)                Turns: 899, Time: 00:03:24

Health: -1/45      AC:  4    Str: 27    XL:     4   Next: 54%
Magic:  3/3        EV: 10    Int:  3    God:    Trog [**....]
Gold:   78         SH:  0    Dex:  9    Spells: 3/3 levels left

rFire   . .          .
                       - Unarmed
rCold   . . .        (no shield)
rNeg    . . .        a - +0 animal skin
rPois   .            (helmet restricted)
rElec   .            (no cloak)
rCorr   .            (gloves unavailable)
SInv    .            (boots unavailable)
Will    .....        (no amulet)
Stlth   +            (no ring)
HPRegen 1.07/turn    (no ring)
MPRegen 0.08/turn

%: no passive effects
@: slowed, very slow
A: large, unfitting armour, claws 3, regeneration 1, shaggy fur 1, tough skin 1
a: Renounce Religion, Berserk, Trog's Hand


You were on level 2 of the Dungeon.
You worshipped Trog.
Trog was pleased with you.
You visited 1 branch of the dungeon, and saw 2 of its levels.

You collected 78 gold pieces.

Inventory:

Missiles
 f - 21 stones
Armour
 a - a +0 animal skin (worn)
Jewellery
 h - a ring of poison resistance
Scrolls
 c - a scroll of enchant weapon {unknown}
 e - 2 scrolls of identify {unknown}
 g - a scroll of revelation {unknown}
Potions
 b - 4 potions of haste {unknown}
 d - 2 potions of might {unknown}
 i - a potion of invisibility {unknown}
 j - a potion of magic {unknown}
 k - a potion of lignification {unknown}


   Skills:
 + Level 3.1 Fighting
 + Level 3.0 Dodging
 + Level 4.3 Unarmed Combat


You had 3 spell levels left.
You didn't know any spells.
Your spell library was empty.

Dungeon Overview and Level Annotations

Branches:
Dungeon (2/15)

Altars:

Annotations:
D:2 Natasha


Innate Abilities, Weirdness & Mutations

You are too large for most types of armour.
You have claws for hands.
Your natural rate of healing is unusually fast.
You are covered in fur. (AC +1)
You have tough skin. (AC +1)


Message History

* * * LOW HITPOINT WARNING * * *
The frilled lizard closely misses you. Natasha casts a spell at you.
You resist with some effort. The cerulean imp barely misses you.
The quokka barely misses you.
The frilled lizard completely misses you.
You barely miss Natasha. The bat hits you.
* * * LOW HITPOINT WARNING * * *
Natasha closely misses you.
The cerulean imp hits you from afar with a +1 spear.
* * * LOW HITPOINT WARNING * * *
The quokka closely misses you. The frilled lizard bites you.
* * * LOW HITPOINT WARNING * * *
You barely miss Natasha. The quokka bites you.
* * * LOW HITPOINT WARNING * * *
Natasha completely misses you. The cerulean imp closely misses you.
The frilled lizard barely misses you. The quokka bites you.
* * * LOW HITPOINT WARNING * * *
The cerulean imp hits you from afar with a +1 spear.
* * * LOW HITPOINT WARNING * * *
Natasha closely misses you.
You scratch Natasha.
Natasha is moderately wounded.
The bat hits you but does no damage. The bat closely misses you.
The frilled lizard closely misses you. The quokka bites you.
* * * LOW HITPOINT WARNING * * *
Natasha casts a spell.
The cerulean imp closely misses you. The frilled lizard barely misses you.
The quokka closely misses you.
You claw Natasha!
Natasha is severely wounded.
The bat hits you but does no damage. x2
The cerulean imp hits you from afar with a +1 spear.
* * * LOW HITPOINT WARNING * * *
Natasha completely misses you. The quokka bites you.
* * * LOW HITPOINT WARNING * * *
The frilled lizard bites you but does no damage.
You barely miss the frilled lizard. The bat hits you but does no damage.
The quokka bites you.
You die...

#..... #.# #.# ##
#.....# #.# #.####
##....# #.# #.#[..
#....# #. #.#.##
#....#
#.#############.#)#
#............)..#.#
#...............#.#
#.b.###########.#.##
#.#@# #......
......hlr.# #....##
##....5h..# #....#
#........# ##+###
..........#
..........#
........(.#
##........#


You could see Natasha, a cerulean imp (summoned), a quokka, a jackal, a bat and
a frilled lizard.

Vanquished Creatures
  Jessica (D:2)
  Natasha (D:2)
  2 adders (D:2)
  2 endoplasms (D:1)
  2 giant cockroaches (D:2)
  2 goblins
  A hobgoblin (D:1)
  3 jackals
  3 kobolds
  7 ball pythons
  8 bats
  4 frilled lizards (D:1)
  A rat (D:2)
37 creatures vanquished.

Notes
Turn   | Place    | Note
-------+----------+-------------------------------------------
     0 | D:1      | Curundu the Troll Berserker began the quest for the Orb.
     0 | D:1      | Reached XP level 1. HP: 22/22 MP: 0/0
   176 | D:1      | Reached XP level 2. HP: 25/29 MP: 1/1
   317 | D:1      | Found a faded altar of an unknown god.
   444 | D:1      | Reached ** piety under Trog
   678 | D:2      | Reached XP level 3. HP: 20/36 MP: 2/2
   705 | D:2      | Noticed Natasha
   723 | D:2      | Killed Natasha
   724 | D:2      | Reached skill level 4 in Unarmed Combat
   757 | D:2      | Reached XP level 4. HP: 40/45 MP: 3/3
   863 | D:2      | Noticed Jessica
   866 | D:2      | Killed Jessica
   877 | D:2      | Noticed Natasha
   896 | D:2      | HP: 2/45 [cerulean imp/+1 spear[Natasha] (5)]
   899 | D:2      | Slain by a quokka

Illustrated notes

Levels and vault maps discovered:
D:1:      wander_arrival_peaceful_grave, layout_rooms,
          shapermc_ecumenical_altar_mp_vishouse
D:2:      layout_basic, minmay_shallow_snake_nest, uniq_natasha, uniq_jessica

Skill      XL: |  1  2  3  4 |
---------------+-------------+-----
Unarmed Combat | 4 |  4.3
Fighting       | 3 |  3.1
Dodging        | 3 |  3.0

Action                     |  1- 3 |  4- 6 || total
---------------------------+-------+-------++-------
  Melee: Unarmed           |    79 |    25 ||   104
         Punch             |     2 |       ||     2
 Armour: Animal skin       |    85 |    42 ||   127
  Dodge: Dodged            |    60 |    43 ||   103

Table legend: (Time is in decaauts)
 A = Elapsed time spent in this place.
 B = Non-inter-level travel time spent in this place.
 C = Inter-level travel time spent in this place.
 D = Time resting spent in this place.
 E = Time spent auto-exploring this place.
 F = Levels seen in this place.
 G = Mean time per level.
                   A        B        C        D        E       F      G
               +--------+--------+--------+--------+--------+-----+--------+
         Total |    901 |    901 |      0 |     23 |    590 |   2 |  450.5 |
       Dungeon |    901 |    901 |      0 |     23 |    590 |   2 |  450.5 |
               +--------+--------+--------+--------+--------+-----+--------+

Top non-repeatable levels by time:
     D:1: 502 daAuts
     D:2: 399 daAuts
